 Dungeon Crawl Stone Soup version 0.27-a0-1196-g3e9cee4cb2 (webtiles) character file.

Game seed: 17076489699084045058

1284 2tc the Tainter (level 8, 0/52 HPs)
             Began as a Demonspawn Venom Mage on May 29, 2021.
             Was an Initiate of Kikubaaqudgha.
             Slain by a boulder beetle (52 damage)
             ... on level 6 of the Dungeon.
             The game lasted 00:30:03 (6541 turns).

2tc the Tainter (Demonspawn Venom Mage)             Turns: 6541, Time: 00:30:03

Health: 0/52       AC:  4    Str: 10    XL:     8   Next: 29%
Magic:  6/11       EV: 12    Int: 17    God:    Kikubaaqudgha [......]
Gold:   245        SH:  0    Dex: 14    Spells: 1/11 levels left

rFire    . . .     SeeInvis .   f - +2 dagger (elec)
rCold    . . .     Faith    .   (no shield)
rNeg     . . .     Spirit   .   a - +0 robe
rPois    .         Reflect  .   (helmet restricted)
rElec    .         Harm     .   i - scarf {repulsion}
rCorr    .         Rampage  .   g - +1 pair of gloves
Will     .....                  (no boots)
Stlth    ++........             h - amulet of magic regeneration
HPRegen  0.17/turn              b - ring of wizardry
MPRegen  0.37/turn              (no ring)

@: repel missiles
A: horns 1, demonic guardian 2, powered by death 1
a: Renounce Religion


You were on level 6 of the Dungeon.
You worshipped Kikubaaqudgha.
Kikubaaqudgha was noncommittal.
You visited 2 branches of the dungeon, and saw 7 of its levels.

You collected 245 gold pieces.

Inventory:

Hand Weapons
 f - a +2 dagger of electrocution (weapon)
Missiles
 o - 2 curare-tipped darts
Armour
 a - a +0 robe (worn)
 e - a +0 buckler
 g - a +1 pair of gloves (worn)
 i - a scarf of repulsion (worn)
Jewellery
 b - a ring of wizardry (left hand)
 h - an amulet of magic regeneration (around neck)
Scrolls
 c - 4 scrolls of teleportation
 d - a scroll of magic mapping
 r - a scroll of fear
Potions
 j - a potion of might
 k - 2 potions of mutation
 l - 3 potions of curing
 m - a potion of resistance
 n - a potion of heal wounds
 q - a potion of ambrosia
 s - a potion of brilliance {unknown}
 u - a potion of cancellation {unknown}


   Skills:
 * Level 6.1 Short Blades
 - Level 1.7 Dodging
 - Level 1.7 Stealth
 - Level 2.0 Spellcasting
 - Level 0.8 Transmutations
 + Level 8.0 Poison Magic


You had one spell level left.
You knew the following spells:

 Your Spells              Type           Power      Damage    Failure   Level
a - Sting                 Tmut/Pois      64%        1d6       1%          1
b - Poisonous Vapours     Pois/Air       30%        N/A       2%          2
c - Olgreb's Toxic Radia  Pois           28%        N/A       2%          4
d - Ignite Poison         Fire/Tmut/Pois 11%        N/A       7%          3

Your spell library contained the following spells:

 Spells                   Type           Power      Damage    Failure   Level
 Corona                   Hex            1%         N/A       8%          1
 Mephitic Cloud           Conj/Pois/Air  10%        N/A       9%          3
 Slow                     Hex            1%         N/A       12%         2
 Inner Flame              Hex/Fire       1%         N/A       22%         3
 Portal Projectile        Hex/Tloc       2%         N/A       22%         3
 Cause Fear               Hex            0%         N/A       56%         4
 Leda's Liquefaction      Hex/Erth       0%         N/A       56%         4


Dungeon Overview and Level Annotations

Branches:
Dungeon (6/15)             Temple (1/1) D:6

Altars:
Dithmenos
Elyvilon
Gozag
Hepliaklqana
Kikubaaqudgha
Nemelex Xobeh
Ru
Trog
Uskayaw
Vehumet
Yredelemnul
Zin
The Shining One

Shops:
D:4 [

Annotations:
D:3 2 transporters, juzbaz's ghost, amateur TrWr


Innate Abilities, Weirdness & Mutations

You have a pair of small horns on your head.
A demonic guardian rushes to your aid.
You regenerate a little health from kills.


Message History

Anything else - Cancel.
Okay, then.
As you read the scroll of identify, it crumbles to dust.
q - a potion of ambrosia
Found a war axe.
A boulder beetle comes into view.
Press: ? - help, v - describe, . - travel
Here: a boulder beetle (asleep)
The floor.
Unknown command.
Unknown command.
Casting: Olgreb's Toxic Radiance (dangerous; 2% risk of failure)
Confirm with . or Enter, or press ? or * to list all spells.
You begin to radiate toxic energy.
The boulder beetle is poisoned.
The boulder beetle leaps!
Casting: Olgreb's Toxic Radiance (dangerous; 2% risk of failure)
Confirm with . or Enter, or press ? or * to list all spells.
Aiming: Poisonous Vapours (safe; 2% risk of failure)
Press: ? - help, Dir - move target, f - boulder beetle
Aim: a boulder beetle (lightly wounded, poisoned) Poisonous vapours surround the boulder beetle!
The boulder beetle looks even sicker.
Your toxic aura wanes.
The boulder beetle is engulfed in poison gas.
The boulder beetle looks even sicker.
Casting: Poisonous Vapours (safe; 2% risk of failure)
Confirm with . or Enter, or press ? or * to list all spells.
You begin to radiate toxic energy.
The boulder beetle looks as sick as possible!
The boulder beetle looks as sick as possible!
Your toxic aura wanes.
Unknown command.
Unknown command.
Unknown command.
Unknown command.
The boulder beetle curls into a ball and begins rolling!
The boulder beetle hits you!!!
Ouch! That really hurt!
You die...
Kikubaaqudgha rasps: "You have failed me!
Welcome... death!"

...##...##....##...#
.......†##....##)..#
..............#....#
..............#....#
.......<.....<#....#
..............#....#
........##....##...#
........#*,...##...#
........#,,,..#.@B.#
........#,,,,.#..°.#
(.......#,,,,,#..°.#
........#,,,,,#....#
,,,,,,,,*,,,,,+..###
,,,,,,,,*,,,,,#..#,#
,,,,,,,,**,,,,##.#.#
,,,,,,,,**,,,,*#...#
,,,,,,,,,......^...#


You could see a boulder beetle (rolling, very poisoned).

Vanquished Creatures
  A water moccasin (D:6)
  A sky beast (D:5)
  3 ogres
  A black bear (D:6)
  A bullfrog (D:6)
  A scorpion (D:4)
  A bullfrog zombie (D:5)
  2 hounds
  A gnoll shaman (D:5)
  An orc priest (D:6)
  A centaur skeleton (D:4)
  4 iguanas
  2 orc wizards
  10 adders
  3 gnolls (D:4)
  A white imp (D:5)
  2 ufetubi
  3 worms
  2 dart slugs
  12 orcs
  5 endoplasms
  2 giant cockroaches (D:1)
  5 goblins
  2 hobgoblins
  A jackal (D:5)
  6 quokkas
  5 ball pythons
  7 bats
  2 frilled lizards (D:1)
  4 kobolds
  4 rats
96 creatures vanquished.

Vanquished Creatures (collateral kills)
  A water moccasin (D:4)
  A bullfrog skeleton (D:5)
  A kobold (D:2)
3 creatures vanquished.

Vanquished Creatures (others)
  6 plants (D:3)
6 creatures vanquished.

Grand Total: 105 creatures vanquished

Notes
Turn   | Place    | Note
-------+----------+-------------------------------------------
     0 | D:1      | 2tc the Demonspawn Venom Mage began the quest for the Orb.
     0 | D:1      | Reached XP level 1. HP: 13/13 MP: 3/3
   377 | D:1      | Gained mutation: A weak demonic guardian rushes to your
                  | aid. [demonic ancestry]
   377 | D:1      | Reached XP level 2. HP: 19/19 MP: 1/5
   380 | D:1      | Learned a level 2 spell: Poisonous Vapours
   586 | D:1      | Found a faded altar of an unknown god.
   980 | D:2      | Reached skill level 4 in Poison Magic
  1186 | D:2      | Gained mutation: A demonic guardian rushes to your aid.
                  | [demonic ancestry]
  1186 | D:2      | Reached XP level 3. HP: 24/24 MP: 1/6
  2166 | D:3      | Noticed a phantom
  2285 | D:3      | Gained mutation: You have a pair of small horns on your
                  | head. [demonic ancestry]
  2285 | D:3      | Reached XP level 4. HP: 28/30 MP: 4/7
  2369 | D:3      | Reached skill level 5 in Poison Magic
  2479 | D:3      | Found a transporter.
  2650 | D:3      | Found a transporter.
  2656 | D:3      | Identified the +12 spear "Rogyove" {pain, Int+3}
  2656 | D:3      | Noticed a gnoll sergeant
  2663 | D:3      | Noticed juzbaz's ghost (amateur TrWr)
  2973 | D:4      | Noticed an ogre
  2995 | D:3      | Killed an ogre
  2996 | D:3      | Reached skill level 6 in Poison Magic
  2996 | D:3      | Reached XP level 5. HP: 8/35 MP: 1/8
  3431 | D:4      | Reached skill level 1 in Short Blades
  3436 | D:4      | Learned a level 4 spell: Olgreb's Toxic Radiance
  3664 | D:4      | Reached XP level 6. HP: 41/41 MP: 3/9
  3697 | D:4      | Noticed a water moccasin
  3714 | D:4      | Killed a water moccasin
  4266 | D:4      | Found Bihooppo's Armour Boutique.
  4283 | D:4      | Found a radiant altar of Vehumet.
  4284 | D:4      | Found a sacrificial altar of Ru.
  4666 | D:5      | Entered Level 5 of the Dungeon
  4865 | D:5      | Gained mutation: You regenerate a little health from kills.
                  | [demonic ancestry]
  4865 | D:5      | Reached XP level 7. HP: 36/46 MP: 4/10
  4967 | D:5      | Reached skill level 7 in Poison Magic
  5317 | D:5      | Reached skill level 5 in Short Blades
  5558 | D:5      | Learned a level 3 spell: Ignite Poison
  5781 | D:6      | Reached XP level 8. HP: 52/52 MP: 1/11
  5826 | D:6      | Found a bloodstained altar of Trog.
  5904 | D:6      | Found a staircase to the Ecumenical Temple.
  5913 | Temple   | Entered the Ecumenical Temple
  6137 | Temple   | Became a worshipper of Kikubaaqudgha
  6187 | D:6      | Reached skill level 8 in Poison Magic
  6528 | D:6      | Noticed a boulder beetle
  6541 | D:6      | Slain by a boulder beetle

Illustrated notes

Levels and vault maps discovered:
D:1:      lemuel_arrival_lava_pool, layout_rooms, basic_ecumenical_altar
D:2:      layout_loops_cross
D:3:      layout_rooms, gammafunk_ghost_gnarly_gnolls
D:4:      layout_basic, grunt_temple_overflow_open, serial_shops, shop_statue,
          serial_corexii_hall, chequers_hall_statues_wall_a,
          corexii_hall_statues_deadend, grunt_ministairs_12
D:5:      kennysheep_six_static_rooms, layout_cave_pools, minmay_pentangle
D:6:      layout_gridville, general_overflow_altar, minmay_temple_entry_wispy,
          kennysheep_minor_cross, moated_statue, minmay_microvault
Temple:   jpeg_temple_alley_garden

Skill      XL: |  1  2  3  4  5  6  7  8 |
---------------+-------------------------+-----
Poison Magic   | 4 6 7 8 |  8.0
Short Blades   | 1 3 5 6 |  6.1
Dodging        | |  1.7
Stealth        | |  1.7
Spellcasting   | |  2.0
Transmutations | |  0.8

Action                   |  1- 3 |  4- 6 |  7- 9 || total
-------------------------+-------+-------+-------++-------
Melee: Dagger            |    91 |    47 |    30 ||   168
       Unarmed           |     5 |       |       ||     5
       Headbutt          |       |     6 |     3 ||     9
 Cast: Sting             |    30 |    16 |     1 ||    47
       Poisonous Vapours |    16 |    29 |    18 ||    63
       Olgreb's Toxic Ra |       |     5 |    18 ||    23
       Ignite Poison     |       |       |     1 ||     1
  Use: Scroll            |     3 |     7 |     7 ||    17
       Potion            |     3 |     2 |     1 ||     6
 Stab: Sleeping          |     2 |     1 |     1 ||     4
       Distracted        |       |       |     1 ||     1
Armor: Robe              |    38 |    12 |     6 ||    56
       Skin              |       |     1 |       ||     1
Dodge: Dodged            |    90 |    27 |    18 ||   135

Table legend: (Time is in decaauts)
 A = Elapsed time spent in this place.
 B = Non-inter-level travel time spent in this place.
 C = Inter-level travel time spent in this place.
 D = Time resting spent in this place.
 E = Time spent auto-exploring this place.
 F = Levels seen in this place.
 G = Mean time per level.
                   A        B        C        D        E       F      G
               +--------+--------+--------+--------+--------+-----+--------+
         Total |   6495 |   6284 |    211 |   2060 |   3209 |   7 |  927.9 |
       Dungeon |   6245 |   6101 |    144 |   2060 |   3057 |   6 | 1040.8 |
        Temple |    249 |    182 |     67 |      0 |    152 |   1 |  249.0 |
               +--------+--------+--------+--------+--------+-----+--------+

Top non-repeatable levels by time:
     D:4: 1407 daAuts
     D:2: 1304 daAuts
     D:5: 1102 daAuts
     D:3: 971 daAuts
     D:1: 946 daAuts
     D:6: 513 daAuts
  Temple: 249 daAuts
